 Dungeon Crawl Stone Soup version 0.29-a0-994-gc5c9f59d18 (webtiles) character file.

Game seed: 169960915023960498

3146 vurker the Fighter (level 9, -1/89 HPs)
             Began as a Minotaur Enchanter on Aug 3, 2022.
             Was an Elder of Trog.
             Slain by a wolf (6 damage)
             ... led by Grum
             ... on level 8 of the Dungeon.
             The game lasted 00:12:51 (9272 turns).

vurker the Fighter (Minotaur Enchanter)             Turns: 9272, Time: 00:12:52

Health: -1/89      AC: 15    Str: 17    XL:     9   Next: 62%
Magic:  10/10      EV:  5    Int: 12    God:    Trog [****..]
Gold:   1396       SH: 12    Dex: 11    Spells: 10/10 levels left

rFire   . . .      SeeInvis +   s - +3 dagger (venom)
rCold   . . .      Faith    .   B - +0 tower shield
rNeg    . . .      Spirit   .   l - +0 chain mail
rPois   .          Reflect  .   w - +2 hat
rElec   .          Harm     .   e - +0 cloak
rCorr   .          Rampage  .   k - +0 pair of gloves
Will    .....                   (no boots)
Stlth   ..........              E - amulet of magic regeneration
HPRegen 0.24/turn               u - ring of see invisible
MPRegen 0.52/turn               (no ring)

@: invisible
A: horns 2, retaliatory headbutt
a: Renounce Religion, Berserk, Trog's Hand, Brothers in Arms


You were on level 8 of the Dungeon.
You worshipped Trog.
Trog was greatly pleased with you.
You visited 1 branch of the dungeon, and saw 8 of its levels.
You also visited: Ossuary.

You collected 1396 gold pieces.

Inventory:

Hand Weapons
 j - a +4 great sword of freezing
   (You took it off a wight on level 5 of the Dungeon)
 s - a +3 dagger of venom (weapon)
   (You took it off an orc wizard on level 3 of the Dungeon)
Armour
 e - a +0 cloak (worn)
   (You found it on level 1 of the Dungeon)
 k - a +0 pair of gloves (worn)
   (You found it on level 1 of the Dungeon)
 l - a +0 chain mail (worn)
   (You found it on level 4 of the Dungeon)
 w - a +2 hat (worn)
   (You found it on level 5 of the Dungeon)
 B - a +0 tower shield (worn)
   (You found it on level 6 of the Dungeon)
Jewellery
 m - an amulet of reflection
   (You found it on level 4 of the Dungeon)
 u - a ring of see invisible (left hand)
   (You found it on level 5 of the Dungeon)
 E - an amulet of magic regeneration (around neck)
   (You found it in an ossuary)
Wands
 v - a wand of digging (6)
   (You took it off Sigmund on level 2 of the Dungeon)
Scrolls
 g - a scroll of fear
 i - 3 scrolls of poison
 p - 10 scrolls of identify
 t - 2 scrolls of enchant armour
 y - a scroll of butterflies
 C - a scroll of enchant weapon
 F - a scroll of acquirement
Potions
 a - 4 potions of heal wounds {unknown}
 b - 2 potions of degeneration {unknown}
 c - 2 potions of invisibility
 d - 4 potions of resistance {unknown}
 f - 2 potions of mutation {unknown}
 h - 10 potions of curing
 n - a potion of haste {unknown}
 o - 5 potions of lignification {unknown}
 q - a potion of cancellation {unknown}
 x - 2 potions of flight {unknown}
 z - 2 potions of attraction {unknown}
 A - 2 potions of might {unknown}


   Skills:
 + Level 11.3 Fighting
 - Level 1.1 Short Blades
 + Level 7.3 Armour
 + Level 7.3 Dodging
 - Level 2.4 Stealth
 + Level 4.0 Shields
 - Level 1.3 Spellcasting
 - Level 2.0 Hexes


You had 10 spell levels left.
You didn't know any spells.
Your spell library contained the following spells:

 Spells                   Type           Power      Damage    Failure   Level
 Beastly Appendage        Tmut           0%         N/A       100%        1
 Ensorcelled Hibernation  Hex/Ice        6%         N/A       100%        2
 Wereblood                Tmut           0%         N/A       100%        2
 Confusing Touch          Hex            5%         N/A       100%        3
 Dazzling Flash           Conj/Hex       6%         N/A       100%        3
 Spider Form              Tmut/Pois      0%         N/A       100%        3
 Tukima's Dance           Hex            5%         N/A       100%        3


Dungeon Overview and Level Annotations

Branches:
Dungeon (8/15)             Temple (0/1) D:6         Ossuary (visited)
   Lair: D:8-11

Altars:
Cheibriados
Makhleb
Ru
Trog
Yredelemnul

Annotations:
D:8 Grum


Innate Abilities, Weirdness & Mutations

You have a pair of horns on your head.
You reflexively headbutt those who attack you in melee.


Message History

You block the wolf's attack. You block the wolf's attack.
The wolf bites you but does no damage. You block the wolf's attack.
The wolf attacks as you move away! The wolf bites you!
* * * LOW HITPOINT WARNING * * *
You block the wolf's attack. The wolf attacks as you move away!
You block the wolf's attack.
The wolf bites you but does no damage. x2
The wolf bites you but does no damage.
Grum sniffs the air and quickly glances around.
You feel the effects of Trog's Hand fading.
You block the wolf's attack. The wolf bites you but does no damage.
The wolf attacks as you move away! The wolf bites you but does no damage.
The wolf attacks as you move away! You block the wolf's attack. x2
The wolf attacks as you move away! The wolf bites you.
* * * LOW HITPOINT WARNING * * *
You block the wolf's attack. x2
You block the wolf's attack.
Your skin stops crawling.
You feel less strong-willed. The wolf bites you but does no damage.
The wolf attacks as you move away! The wolf bites you but does no damage.
You block the wolf's attack. x2
The wolf attacks as you move away! You block the wolf's attack.
The wolf attacks as you move away! You block the wolf's attack. x2
You miss the wolf. The wolf completely misses you. The wolf barely misses you.
You furiously retaliate!
You headbutt the wolf! The wolf bites you!
* * * LOW HITPOINT WARNING * * *
The wolf bites you.
* * * LOW HITPOINT WARNING * * *
You block the wolf's attack.
A rock wall.
The rock shatters into small pieces.
The wolf bites you but does no damage. You block the wolf's attack. x2
The wolf bites you but does no damage. x2; You block Grum's attack.
The wolf attacks as you move away! The wolf barely misses you.
You furiously retaliate!
You headbutt the wolf. You block the wolf's attack.
The wolf bites you but does no damage. The wolf bites you.
* * * LOW HITPOINT WARNING * * *
The wolf attacks as you move away! The wolf bites you.
* * * LOW HITPOINT WARNING * * *
The wolf attacks as you move away! You block the wolf's attack. x2
You fade into invisibility!
The wolf bites you.
* * * LOW HITPOINT WARNING * * *
You block the wolf's attack. The wolf bites you but does no damage.
Grum throws a stone.
The stone closely misses the wolf.
You block the stone. The wolf attacks as you move away!
The wolf bites you but does no damage. The wolf barely misses you.
You furiously retaliate!
You headbutt the wolf.
Grum throws a stone.
The stone hits the wolf.
The wolf bites you.
You die...

.#.###..##.....#
...........##..### #
#.............# ...
#....#.D.....# ...
##...###..##.## #..
#....##...#.gD#
...##..g.######...#
.....D...######.hh#####
.........##...#.@.#...#
#........##.<.#.⌠.#.>.#
#....######...#...#...#
#....######...##'##...#####
#....##.......#...#.......#
##..g##.<...8.'...'.8...>.#
##..##.......#...#.......#
###D.######...##'##...#####
#....# #...#...#...#


You could see Grum (unable to see you), an acid dragon (unable to see you) and 2
wolves.

Vanquished Creatures
  Sigmund (D:2)
  A wraith (Ossuary)
  2 steam dragons (D:7)
  An orc warrior (D:8)
  An ice beast (D:6)
  A black bear (D:5)
  2 sky beasts
  A centaur (D:7)
  2 phantoms
  4 kobold brigands
  2 scorpions (D:5)
  A gnoll sergeant (D:4)
  2 necrophages
  4 wights (D:5)
  3 iron imps (D:3)
  2 jellies
  4 orc priests
  3 hounds
  Jessica (D:2)
  6 iguanas
  10 orc wizards
  3 mummies (Ossuary)
  3 gnolls (D:4)
  8 adders
  A white imp (D:6)
  2 worms
  5 dart slugs
  28 orcs
  6 endoplasms
  4 giant cockroaches
  7 goblins
  6 hobgoblins
  5 jackals
  28 kobolds
  6 quokkas
  7 ball pythons
  4 bats
  8 frilled lizards
  3 goblin zombies (Ossuary)
  2 hobgoblin zombies (Ossuary)
  2 kobold zombies (Ossuary)
  An orc zombie (Ossuary)
  7 rats
200 creatures vanquished.

Vanquished Creatures (others)
  A kobold (D:7)
  27 fungi (D:6)
28 creatures vanquished.

Grand Total: 228 creatures vanquished

Notes
Turn   | Place    | Note
-------+----------+-------------------------------------------
     0 | D:1      | vurker the Minotaur Enchanter began the quest for the Orb.
     0 | D:1      | Reached XP level 1. HP: 14/14 MP: 1/1
    44 | D:1      | Reached skill level 1 in Fighting
   313 | D:1      | Reached skill level 2 in Fighting
   337 | D:1      | Reached XP level 2. HP: 22/24 MP: 3/3
   542 | D:1      | Found a faded altar of an unknown god.
   627 | D:1      | Reached skill level 3 in Fighting
   676 | D:1      | Prayed at the altar of an unknown god.
   676 | D:1      | Became a worshipper of Trog the Wrathful
   676 | D:1      | Reached * piety under Trog
   863 | D:1      | Reached XP level 3. HP: 31/31 MP: 4/4
  1413 | D:2      | Noticed Sigmund
  1420 | D:2      | Killed Sigmund
  1421 | D:2      | Reached skill level 6 in Fighting
  1421 | D:2      | Reached XP level 4. HP: 11/45 MP: 5/5
  1421 | D:2      | Reached XP level 5. HP: 13/51 MP: 6/6
  1908 | D:2      | Noticed Jessica
  1918 | D:2      | Killed Jessica
  1919 | D:2      | Reached skill level 7 in Fighting
  2023 | D:2      | Reached XP level 6. HP: 59/60 MP: 7/7
  2452 | D:3      | Found a sacrificial altar of Ru.
  2457 | D:3      | Reached ** piety under Trog
  2796 | D:3      | Found a burning altar of Makhleb.
  2820 | D:3      | Reached skill level 8 in Fighting
  3045 | D:4      | Reached skill level 1 in Armour
  3045 | D:4      | Reached XP level 7. HP: 27/69 MP: 8/8
  4141 | D:5      | Entered Level 5 of the Dungeon
  4476 | D:5      | Reached skill level 9 in Fighting
  4501 | D:5      | Reached *** piety under Trog
  5139 | D:5      | Reached XP level 8. HP: 78/78 MP: 9/9
  5573 | D:5      | Reached skill level 5 in Dodging
  5811 | D:5      | Reached skill level 10 in Fighting
  5811 | D:5      | Reached skill level 5 in Armour
  6352 | D:6      | Found a staircase to the Ecumenical Temple.
  6462 | D:6      | Found a snail-covered altar of Cheibriados.
  6486 | D:6      | Found a basalt altar of Yredelemnul.
  6826 | D:7      | Reached skill level 1 in Shields
  6826 | D:7      | Reached XP level 9. HP: 51/86 MP: 10/10
  6837 | D:7      | Reached **** piety under Trog
  7470 | D:7      | Reached skill level 11 in Fighting
  7918 | D:8      | Found a sand-covered staircase.
  7926 | Ossuary  | Entered an ossuary
  8822 | Ossuary  | Identified 2 scrolls of acquirement
  8822 | Ossuary  | Acquired 1016 gold pieces
  9083 | D:8      | Noticed Grum
  9272 | D:8      | Slain by a wolf

Illustrated notes

Levels and vault maps discovered:
D:1:      lightli_molten_gateway, layout_basic,
          dreamdust_ecumenical_altar_hidden_monk_grotto
D:2:      layout_basic, corexii_corridor_pit, minmay_close_crescents,
          uniq_jessica, uniq_sigmund
D:3:      layout_rooms, nicolae_ru_great_annihilating_truth, demons_altar,
          grunt_decor_one_mirror
D:4:      layout_cave_pods, hangedman_decor_diamond_cutter,
          guppyfry_early_lair_pool
D:5:      layout_basic
D:6:      layout_cave_pools, mainiacjoe_overflow_catch_the_wave,
          minmay_temple_entry_statues_fountains, portal_sewer_entry_a,
          grunt_decor_clamped
D:7:      layout_basic, minmay_misc_feat_hallway, chequers_mini_garden,
          nicolae_concentric_dashed_squares_wild, item_on_display_b
D:8:      layout_cave_pools, nicolae_sif_muna_little_library,
          nicolae_ossuary_entry_plus, nrook_mini_vaults,
          nicolae_elevator_lobby_plus, uniq_grum, uniq_maggie, uniq_maurice

Skill      XL: |  1  2  3  4  5  6  7  8  9 |
---------------+----------------------------+-----
Fighting       | 2 3 6 7 8 9 10 11 | 11.3
Armour         | 1 3 6 7 |  7.3
Dodging        | 4 6 7 |  7.3
Shields        | 1 4 |  4.0
Short Blades   | |  1.1
Stealth        | |  2.4
Spellcasting   | |  1.3
Hexes          | |  2.0

Action                   |  1- 3 |  4- 6 |  7- 9 || total
-------------------------+-------+-------+-------++-------
Melee: Dagger            |    20 |    42 |   473 ||   535
       Headbutt          |    13 |    22 |   118 ||   153
       Short sword       |    43 |       |       ||    43
       Whip              |    17 |    79 |       ||    96
       Punch             |       |     1 |     3 ||     4
Invok: Berserk           |       |     1 |     2 ||     3
       Trog's Hand       |       |       |     1 ||     1
Evoke: Wand              |       |       |     2 ||     2
  Use: Scroll            |       |       |    17 ||    17
       Potion            |       |       |     2 ||     2
 Stab: Sleeping          |     5 |     1 |       ||     6
Armor: Leather armour    |    10 |       |       ||    10
       Ring mail         |     7 |    40 |       ||    47
       Scale mail        |       |     4 |       ||     4
       Chain mail        |       |       |   234 ||   234
Dodge: Dodged            |    34 |    52 |   112 ||   198
Block: Other             |       |       |    49 ||    49
       Reflection        |       |       |     5 ||     5
       Tower shield      |       |       |   278 ||   278

Table legend: (Time is in decaauts)
 A = Elapsed time spent in this place.
 B = Non-inter-level travel time spent in this place.
 C = Inter-level travel time spent in this place.
 D = Time resting spent in this place.
 E = Time spent auto-exploring this place.
 F = Levels seen in this place.
 G = Mean time per level.
                   A        B        C        D        E       F      G
               +--------+--------+--------+--------+--------+-----+--------+
         Total |   9424 |   9072 |    352 |   1055 |   6256 |   9 | 1047.1 |
       Dungeon |   8427 |   8075 |    352 |   1055 |   5497 |   8 | 1053.4 |
       Ossuary |    996 |    996 |      0 |      0 |    759 |   1 |  996.0 |
               +--------+--------+--------+--------+--------+-----+--------+

Top non-repeatable levels by time:
     D:5: 1901 daAuts
     D:1: 1263 daAuts
     D:4: 1234 daAuts
     D:7: 1130 daAuts
 Ossuary: 996 daAuts
     D:2: 934 daAuts
     D:6: 764 daAuts
     D:3: 724 daAuts
     D:8: 475 daAuts
